AA - U28
FRISCO ROUGHRIDERS @ ARKANSAS TRAVELERS
09/23/2052
 
TOP OF THE 1ST
Wilkes-Barre Barons batting - Pitching for Orlando Wizards : RHP Juan Flores
Pitching: RHP Juan Flores
Batting: LHB Júlio Rivera 0-0: Swinging Strike
0-1: Ball
1-1: Ball
2-1: Ball
3-1: Base on Balls
Batting: LHB Justin Cook 0-0: Called Strike
0-1: Ball
1-1: Ball
2-1: Foul Ball, location: 2F
2-2: Ball
3-2: Foul Ball, location: 2F
3-2: Foul Ball, location: 2F
3-2: Grounds into double play, 4-6-3 (Groundball, 4, EV 80.0 MPH)
Batting: RHB Rufus Russell 0-0: Ball
1-0: Ball
2-0: Ball
3-0: Called Strike
3-1: Swinging Strike
3-2: Foul Ball, location: 25FF
3-2: Strikes out swinging
Top of the 1st over - 0 runs, 0 hits, 0 errors, 0 left on base; Wilkes-Barre 0 - Orlando 0
BOTTOM OF THE 1ST
Orlando Wizards batting - Pitching for Wilkes-Barre Barons : RHP Caleb Charles
Pitching: RHP Caleb Charles
Batting: SHB Lucas Gates 0-0: Fly out, F8 (Flyball, 89D, EV 86.3 MPH)
Batting: RHB Nathan Tomaszewski 0-0: Ball
1-0: Foul Ball, location: 3DF
1-1: Foul Ball, location: 5F
1-2: Ball
2-2: Foul Ball, location: 23F
2-2: Strikes out swinging
Batting: LHB Benjamin Medrano 0-0: Ground out 6-3 (Groundball, 6M, EV 103.1 MPH)
Bottom of the 1st over - 0 runs, 0 hits, 0 errors, 0 left on base; Wilkes-Barre 0 - Orlando 0
TOP OF THE 2ND
Wilkes-Barre Barons batting - Pitching for Orlando Wizards : RHP Juan Flores
Batting: RHB Yair Forero 0-0: Ball
1-0: Foul Ball, location: 2F
1-1: Ball
2-1: Fly out, F8 (Flyball, 8RM, EV 98.8 MPH)
Batting: RHB Brandon Carr 0-0: Called Strike
0-1: Ground out 6-3 (Groundball, 6, EV 92.5 MPH)
Batting: LHB Jimmy Ziegler 0-0: Ground out 5-3 (Groundball, 5, EV 80.6 MPH)
Top of the 2nd over - 0 runs, 0 hits, 0 errors, 0 left on base; Wilkes-Barre 0 - Orlando 0
BOTTOM OF THE 2ND
Orlando Wizards batting - Pitching for Wilkes-Barre Barons : RHP Caleb Charles
Batting: LHB Jake Bogart 0-0: Foul Ball, location: 3FF
0-1: Ball
1-1: Swinging Strike
1-2: Fly out, F8 (Flyball, 89D, EV 83.1 MPH)
Batting: RHB Monroe Banta 0-0: Ground out 5-3 (Groundball, 56, EV 76.9 MPH)
Batting: SHB Logan Begin 0-0: SINGLE (Line Drive, 4D, EV 100.0 MPH)
Batting: RHB Elijah Miller 0-0: Foul Ball, location: 25F
0-1: Ground out 5-3 (Groundball, 56S, EV 71.3 MPH)
Bottom of the 2nd over - 0 runs, 1 hit, 0 errors, 1 left on base; Wilkes-Barre 0 - Orlando 0
TOP OF THE 3RD
Wilkes-Barre Barons batting - Pitching for Orlando Wizards : RHP Juan Flores
Batting: LHB Santiago Almeraz 0-0: Foul Ball, location: 3SF
0-1: Foul Ball, location: 23F
0-2: Ball
1-2: Fly out, F4 (Popup, 4, EV 58.1 MPH)
Batting: RHB Vic Nix 0-0: Ball
1-0: SINGLE (Line Drive, 6M, EV 97.5 MPH)
Batting: RHB Vince Tijl 0-0: Ground out 4-3 (Groundball, 34, EV 110.0 MPH)
Vic Nix to second
Batting: LHB Júlio Rivera 0-0: Fly out, F7 (Flyball, 78M, EV 91.9 MPH)
Top of the 3rd over - 0 runs, 1 hit, 0 errors, 1 left on base; Wilkes-Barre 0 - Orlando 0
BOTTOM OF THE 3RD
Orlando Wizards batting - Pitching for Wilkes-Barre Barons : RHP Caleb Charles
Batting: SHB Clark Lang 0-0: Ball
1-0: Ball
2-0: Called Strike
2-1: Called Strike
2-2: Fly out, F9 (Flyball, 9LSF, EV 85.0 MPH)
Batting: RHB E.J. Boggan 0-0: Ball
1-0: Ball
2-0: Foul Ball, location: 9LMF
2-1: Reached on error, E5 (Groundball, 56, EV 88.1 MPH)
Batting: SHB Lucas Gates 0-0: Called Strike
0-1: Foul Ball, location: 9LSFF
0-2: Foul Ball, location: 3F
0-2: Ball
1-2: Strikes out swinging
Batting: RHB Nathan Tomaszewski 0-0: Swinging Strike
0-1: Ball
1-1: Ball
2-1: Ball
3-1: Base on Balls
E.J. Boggan to second
Batting: LHB Benjamin Medrano 0-0: Called Strike
0-1: Foul Ball, location: 2F
0-2: Ball
1-2: Foul Ball, location: 7LDF
1-2: SINGLE (Groundball, 56D, EV 101.3 MPH)
E.J. Boggan to third
Nathan Tomaszewski to second
Runner from 3rd tries for Home, SAFE, throw by LF to home
Batting: LHB Jake Bogart 0-0: Called Strike
0-1: Ball
1-1: Fielders Choice at 2nd, 5-4 (Groundball, 56, EV 86.9 MPH)
Bottom of the 3rd over - 1 run, 1 hit, 1 error, 2 left on base; Wilkes-Barre 0 - Orlando 1
TOP OF THE 4TH
Wilkes-Barre Barons batting - Pitching for Orlando Wizards : RHP Juan Flores
Batting: LHB Justin Cook 0-0: Ball
1-0: Called Strike
1-1: Foul Ball, location: 7LMF
1-2: Ball
2-2: Foul Ball, location: 7LSF
2-2: Ground out 4-3 (Groundball, 4, EV 105.0 MPH)
Batting: RHB Rufus Russell 0-0: Ball
1-0: Called Strike
1-1: Swinging Strike
1-2: Foul Ball, location: 2F
1-2: Ball
2-2: Strikes out swinging
Batting: RHB Yair Forero 0-0: Foul Ball, location: 2F
0-1: Ball
1-1: Ball
2-1: Fly out, F4 (Popup, 34D, EV 53.1 MPH)
Top of the 4th over - 0 runs, 0 hits, 0 errors, 0 left on base; Wilkes-Barre 0 - Orlando 1
BOTTOM OF THE 4TH
Orlando Wizards batting - Pitching for Wilkes-Barre Barons : RHP Caleb Charles
Batting: RHB Monroe Banta 0-0: Called Strike
0-1: Ball
1-1: Called Strike
1-2: Ball
2-2: Strikes out looking
Batting: SHB Logan Begin 0-0: Called Strike
0-1: Ball
1-1: Swinging Strike
1-2: Strikes out looking
Batting: RHB Elijah Miller 0-0: DOUBLE (Line Drive, 78D, EV 110.6 MPH)
Batting: SHB Clark Lang 0-0: Called Strike
0-1: Ball
1-1: Swinging Strike
1-2: Ball
2-2: Foul Ball, location: 2RF
2-2: Foul Ball, location: 9LSF
2-2: Strikes out swinging
Bottom of the 4th over - 0 runs, 1 hit, 0 errors, 1 left on base; Wilkes-Barre 0 - Orlando 1
TOP OF THE 5TH
Wilkes-Barre Barons batting - Pitching for Orlando Wizards : RHP Juan Flores
Batting: RHB Brandon Carr 0-0: Ball
1-0: SINGLE (Flyball, 8RS, EV 88.8 MPH)
Batting: LHB Jimmy Ziegler 0-0: Called Strike
0-1: Sac Bunt to 25 - play at first, batter OUT! 5-3
Brandon Carr to second
Batting: LHB Santiago Almeraz 0-0: Called Strike
0-1: Foul Ball, location: 7LSF
0-2: Foul Ball, location: 2F
0-2: Strikes out swinging
Batting: RHB Vic Nix 0-0: Called Strike
0-1: SINGLE (Groundball, 6MD, EV 102.5 MPH) (infield hit)
Brandon Carr to third
Batting: RHB Vince Tijl 0-0: Ball
1-0: Ball
2-0: SINGLE (Groundball, 34D, EV 105.6 MPH)
Brandon Carr scores
Vic Nix to second
Runner from 2nd tries for 3rd, SAFE, throw by RF made to third
Batting: LHB Júlio Rivera 0-0: Ball
1-0: Ball
2-0: Swinging Strike
2-1: Called Strike
2-2: Foul Ball, location: 3FF
2-2: Strikes out looking
Top of the 5th over - 1 run, 3 hits, 0 errors, 2 left on base; Wilkes-Barre 1 - Orlando 1
BOTTOM OF THE 5TH
Orlando Wizards batting - Pitching for Wilkes-Barre Barons : RHP Caleb Charles
Pinch Hitting: RHB John Krueckeberg 0-0: Ball
1-0: Called Strike
1-1: Foul Ball, location: 5F
1-2: Ball
2-2: Foul Ball, location: 2F
2-2: Ball
3-2: Ground out 6-3 (Groundball, 6, EV 90.0 MPH)
Batting: SHB Lucas Gates 0-0: Ground out 4-3 (Groundball, 4, EV 100.6 MPH)
Batting: RHB Nathan Tomaszewski 0-0: Ball
1-0: Ground out 1-3 (Groundball, 13, EV 65.0 MPH)
Bottom of the 5th over - 0 runs, 0 hits, 0 errors, 0 left on base; Wilkes-Barre 1 - Orlando 1
TOP OF THE 6TH
Wilkes-Barre Barons batting - Pitching for Orlando Wizards : RHP Juan Flores
Now at 2B: John Krueckeberg
Now at SS: Logan Begin
Batting: LHB Justin Cook 0-0: Hit by Pitch
Batting: RHB Rufus Russell 0-0: Called Strike
0-1: Swinging Strike
0-2: Ball
1-2: Strikes out swinging
Justin Cook is caught stealing 2nd base 2-4
Batter strikes out.
Batting: RHB Yair Forero 0-0: Called Strike
0-1: Ball
1-1: SINGLE (Groundball, 6MD, EV 107.5 MPH)
Batting: RHB Brandon Carr 0-0: Ground out 1-3 (Groundball, 34S, EV 71.9 MPH)
Top of the 6th over - 0 runs, 1 hit, 0 errors, 1 left on base; Wilkes-Barre 1 - Orlando 1
BOTTOM OF THE 6TH
Orlando Wizards batting - Pitching for Wilkes-Barre Barons : RHP Caleb Charles
Batting: LHB Benjamin Medrano 0-0: Called Strike
0-1: Ball
1-1: Swinging Strike
1-2: Ball
2-2: Ball
3-2: Ground out U3 (Groundball, 3L, EV 108.8 MPH)
Batting: LHB Jake Bogart 0-0: Foul Ball, location: 7LSF
0-1: Foul Ball, location: 2F
0-2: Ball
1-2: SINGLE (Groundball, 4MD, EV 103.1 MPH)
Batting: RHB Monroe Banta 0-0: Ball
1-0: Called Strike
1-1: Ball
2-1: Ball
Passed Ball!
Jake Bogart to second
3-1: Foul Ball, location: 5FF
3-2: Base on Balls
Pitching: LHP Luke Barry
Batting: SHB Logan Begin 0-0: Grounds into double play, 5-4-3 (Groundball, 56, EV 98.1 MPH)
Bottom of the 6th over - 0 runs, 1 hit, 0 errors, 1 left on base; Wilkes-Barre 1 - Orlando 1
TOP OF THE 7TH
Wilkes-Barre Barons batting - Pitching for Orlando Wizards : RHP Juan Flores
Batting: LHB Jimmy Ziegler 0-0: Ball
1-0: Called Strike
1-1: Ground out 6-3 (Groundball, 6, EV 108.8 MPH)
Batting: LHB Santiago Almeraz 0-0: Ball
1-0: Called Strike
1-1: Ball
2-1: Foul Ball, location: 7LDF
2-2: Foul Ball, location: 9LSF
2-2: Ball
3-2: Fly out, F7 (Flyball, 78D, EV 103.8 MPH)
Batting: RHB Vic Nix 0-0: Called Strike
0-1: Ball
1-1: Ball
2-1: Ground out 4-3 (Groundball, 4, EV 93.8 MPH)
Top of the 7th over - 0 runs, 0 hits, 0 errors, 0 left on base; Wilkes-Barre 1 - Orlando 1
BOTTOM OF THE 7TH
Orlando Wizards batting - Pitching for Wilkes-Barre Barons : LHP Luke Barry
Batting: RHB Elijah Miller 0-0: Ball
1-0: Swinging Strike
1-1: Foul Ball, location: 2F
1-2: Foul Ball, location: 9LSF
1-2: Fly out, F3 (Popup, 3SF, EV 80.0 MPH)
Batting: SHB Clark Lang 0-0: Ball
1-0: Ball
2-0: Foul Ball, location: 25FF
2-1: Called Strike
2-2: Ground out 5-3 (Groundball, 56S, EV 60.6 MPH)
Batting: RHB John Krueckeberg 0-0: Ball
1-0: Called Strike
1-1: Foul Ball, location: 2F
1-2: SINGLE (Line Drive, 7S, EV 106.3 MPH)
Batting: SHB Lucas Gates 0-0: Ground out 5-3 (Groundball, 56, EV 103.1 MPH)
Bottom of the 7th over - 0 runs, 1 hit, 0 errors, 1 left on base; Wilkes-Barre 1 - Orlando 1
TOP OF THE 8TH
Wilkes-Barre Barons batting - Pitching for Orlando Wizards : RHP Juan Flores
Batting: RHB Vince Tijl 0-0: Ball
1-0: Ball
2-0: DOUBLE (Line Drive, 3D, EV 95.6 MPH)
Pitching: RHP Carlos Peralta
Batting: LHB Júlio Rivera 0-0: Called Strike
0-1: Ball
1-1: SINGLE (Groundball, 4D, EV 98.8 MPH)
Vince Tijl to third
Batting: LHB Justin Cook 0-0: Ball
1-0: Ball
2-0: Ball
3-0: Foul Ball, location: 2F
3-1: Called Strike
3-2: Strikes out swinging
Pinch Hitting: LHB Dan Hanneman 0-0: SINGLE (Groundball, 34D, EV 102.5 MPH) - runner OUT being hit by batted ball. (infield hit)
Batting: RHB Yair Forero 0-0: Called Strike
0-1: Hit by Pitch
Dan Hanneman to second
Batting: RHB Brandon Carr 0-0: Foul Ball, location: 2F
0-1: DOUBLE (Line Drive, 7LM, EV 102.5 MPH)
Vince Tijl scores
Dan Hanneman scores
Yair Forero to third
Runner from 3rd tries for Home, SAFE, throw by LF to home
Batting: LHB Jimmy Ziegler 0-0: Called Strike
0-1: Foul Ball, location: 23FF
0-2: Ball
1-2: Ball
2-2: Fly out, F7 (Flyball, 7, EV 91.9 MPH)
Top of the 8th over - 3 runs, 4 hits, 0 errors, 1 left on base; Wilkes-Barre 4 - Orlando 1
BOTTOM OF THE 8TH
Orlando Wizards batting - Pitching for Wilkes-Barre Barons : LHP Luke Barry
Now at 1B: Billy Murphy
Now in LF: Jimmy Ziegler
Now in CF: Othello Taveras
Now in RF: Dan Hanneman
Batting: RHB Nathan Tomaszewski 0-0: Called Strike
0-1: Ball
1-1: Ball
2-1: Ground out 4-3 (Groundball, 4, EV 86.3 MPH)
Batting: LHB Benjamin Medrano 0-0: Ball
1-0: Foul Ball, location: 7LSF
1-1: Called Strike
1-2: Ball
2-2: Ball
3-2: Strikes out looking
Batting: LHB Jake Bogart 0-0: Called Strike
0-1: Ball
1-1: Ground out U3 (Groundball, 3S, EV 90.0 MPH)
Bottom of the 8th over - 0 runs, 0 hits, 0 errors, 0 left on base; Wilkes-Barre 4 - Orlando 1
TOP OF THE 9TH
Wilkes-Barre Barons batting - Pitching for Orlando Wizards : RHP Carlos Peralta
Batting: LHB Othello Taveras 0-0: Swinging Strike
0-1: Ball
1-1: Ball
2-1: Foul Ball, location: 25FF
2-2: Foul Ball, location: 7LDF
2-2: Strikes out swinging, 2-3 out at first.
Batting: RHB Vic Nix 0-0: Ball
1-0: Swinging Strike
1-1: Ball
2-1: Fly out, F8 (Flyball, 8RD, EV 90.0 MPH)
Batting: RHB Vince Tijl 0-0: Called Strike
0-1: Ball
1-1: Called Strike
1-2: Foul Ball, location: 9LMF
1-2: SINGLE (Line Drive, 7LS, EV 95.6 MPH)
Batting: LHB Júlio Rivera 0-0: Foul Ball, location: 2F
0-1: Swinging Strike
0-2: Fly out, F6 (Popup, P, EV 81.9 MPH)
Top of the 9th over - 0 runs, 1 hit, 0 errors, 1 left on base; Wilkes-Barre 4 - Orlando 1
BOTTOM OF THE 9TH
Orlando Wizards batting - Pitching for Wilkes-Barre Barons : LHP Luke Barry
Pitching: RHP Nick Richey
Now at C: Carson Yates
Now at 2B: Aitor Caballero
Batting: RHB Monroe Banta 0-0: Ball
1-0: Called Strike
1-1: Foul Ball, location: 2F
1-2: Ball
2-2: SOLO HOME RUN (Flyball, 7D, EV 92.5 MPH), Distance : 357 ft
Batting: SHB Logan Begin 0-0: Ball
1-0: Called Strike
1-1: Ground out 6-3 (Groundball, 6S, EV 69.4 MPH)
Pinch Hitting: LHB David Garfias 0-0: Ball
1-0: Called Strike
1-1: Swinging Strike
1-2: Strikes out swinging
Batting: SHB Clark Lang 0-0: Ball
1-0: Ball
2-0: Ball
3-0: Called Strike
3-1: Foul Ball, location: 2F
3-2: Ground out U3 (Groundball, 3, EV 83.8 MPH)
Bottom of the 9th over - 1 run, 1 hit, 0 errors, 0 left on base; Wilkes-Barre 4 - Orlando 2
Wednesday, May 8th , 2024 - OOTP Baseball 24.11 Build 85